Map: Frost LE

Players

IIIIIIIIIIII - Winner!

  • Race: Protoss Protoss
  • League: Grandmaster

LOVEsnipeR

  • Race: Protoss Protoss
  • League: Master

VOD

Have the link to the VOD?

Description

Time

  • Played on: Aug. 4, 2016, 12:25 a.m.
  • Length: 8:04
Show
View Real Time Build Order
Export as new Build Order

IIIIIIIIIIII Protoss - Winner!

Build Orders: Zealot Archon 

Get SALT Encoding   

  12  0:01  Probe (Chrono Boost)  
  13  0:12  Probe (Chrono Boost)  
  14  0:17  Pylon  
  14  0:22  Probe (Chrono Boost)  
  16  0:35  Probe (Chrono Boost)  
  16  0:37  Gateway  
  16  0:43  Assimilator  
  16  0:46  Probe (Chrono Boost)  
  17  0:51  Assimilator  
  17  0:56  Probe (Chrono Boost)  
  18  1:07  Probe (Chrono Boost)  
  19  1:15  Gateway  
  19  1:18  Probe (Chrono Boost)  
  20  1:25  Cybernetics Core  
  20  1:28  Probe (Chrono Boost)  
  21  1:39  Probe (Chrono Boost)  
  22  1:47  Warp Gate, Pylon  
  22  1:49  Probe (Chrono Boost)  
  23  2:05  Adept x2  
  29  2:09  Mothership Core (Chrono Boost)  
  29  2:11  Pylon  
  29  2:29  Probe (Chrono Boost)  
  30  2:33  Adept x2  
  34  2:41  Probe (Chrono Boost)  
  35  2:49  Pylon  
  35  3:00  Nexus  
  35  3:07  Probe (Chrono Boost)  
  36  3:13  Robotics Facility  
  36  3:19  Probe (Chrono Boost)  
  37  3:23  Pylon  
  37  3:32  Probe (Chrono Boost)  
  38  3:46  Pylon  
  39  3:49  Probe (Chrono Boost)  
  39  3:59  Immortal  
  39  4:00  Pylon  
  39  4:03  Pylon  
  43  4:10  Pylon  
  43  4:11  Probe (Chrono Boost)  
  43  4:18  Probe (Chrono Boost)  
  43  4:23  Twilight Council  
  45  4:24  Probe (Chrono Boost)  
  45  4:29  Probe (Chrono Boost)  
  46  4:36  Probe (Chrono Boost)  
  46  4:40  Probe (Chrono Boost)  
  47  4:47  Observer  
  47  4:48  Probe (Chrono Boost)  
  47  4:52  Probe (Chrono Boost)  
  50  5:00  Resonating Glaives, Pylon, Probe (Chrono Boost)  
  50  5:02  Probe (Chrono Boost)  
  51  5:12  Probe (Chrono Boost)  
  51  5:13  Probe (Chrono Boost)  
  53  5:15  Immortal  
  53  5:19  Pylon  
  57  5:22  Pylon  
  57  5:28  Sentry x2  
  61  5:31  Probe (Chrono Boost)  
  62  5:40  Gateway  
  62  5:44  Gateway  
  62  5:49  Warp Prism  
  62  5:50  Gateway  
  62  5:51  Sentry  
  62  5:52  Sentry  
  68  5:58  Gateway  
  68  6:01  Gateway  
  68  6:07  Pylon  
  68  6:15  Adept x2  
  72  6:20  Pylon  
  72  6:22  Observer  
  73  6:44  Adept x4  
  73  6:45  Probe (Chrono Boost)  
  82  6:53  Archon x2  
  82  6:58  Pylon  
  82  7:00  Adept x3  
  88  7:04  Adept x2  
  88  7:05  Adept x2  
  96  7:27  Adept x7  
  108  7:40  Pylon  
  108  7:48  Adept x5  
Show
View Real Time Build Order
Export as new Build Order

LOVEsnipeR Protoss 

Build Orders:  

Get SALT Encoding   

  12  0:00  Probe (Chrono Boost)  
  13  0:11  Probe (Chrono Boost)  
  14  0:18  Pylon  
  14  0:22  Probe (Chrono Boost)  
  15  0:36  Probe (Chrono Boost)  
  15  0:39  Gateway  
  16  0:45  Assimilator  
  16  0:47  Probe (Chrono Boost)  
  17  0:57  Probe (Chrono Boost)  
  18  1:06  Gateway  
  18  1:08  Probe (Chrono Boost)  
  18  1:11  Assimilator  
  20  1:18  Probe (Chrono Boost)  
  20  1:26  Cybernetics Core  
  20  1:30  Probe (Chrono Boost)  
  21  1:36  Pylon  
  21  1:41  Probe (Chrono Boost)  
  22  1:52  Warp Gate, Probe (Chrono Boost)  
  23  2:03  Stalker x2  
  29  2:17  Mothership Core (Chrono Boost)  
  29  2:26  Pylon  
  30  2:37  Probe (Chrono Boost)  
  30  2:44  Stalker x2  
  30  2:49  Probe (Chrono Boost)  
  34  3:14  Nexus  
  35  3:23  Twilight Council  
  34  3:27  Pylon  
  34  3:35  Pylon  
  33  3:51  Resonating Glaives  
  33  3:59  Stalker x2  
  37  4:14  Probe (Chrono Boost)  
  37  4:16  Robotics Facility  
  38  4:28  Probe (Chrono Boost)  
  40  4:40  Probe (Chrono Boost)  
  38  4:51  Sentry x2  
  38  4:52  Probe (Chrono Boost)  
  39  5:03  Gateway x2  
  39  5:04  Probe (Chrono Boost)  
  40  5:07  Immortal  
  40  5:10  Probe (Chrono Boost)  
  45  5:16  Probe (Chrono Boost)  
  45  5:20  Sentry x2  
  48  5:22  Probe (Chrono Boost)  
  50  5:28  Probe (Chrono Boost)  
  50  5:32  Pylon  
  50  5:33  Probe (Chrono Boost)  
  51  5:40  Probe (Chrono Boost)  
  52  5:44  Probe (Chrono Boost)  
  52  5:45  Immortal  
  57  5:52  Probe (Chrono Boost)  
  57  5:54  Probe (Chrono Boost)  
  60  6:04  Probe (Chrono Boost)  
  60  6:14  Gateway x2  
  60  6:18  Adept x2  
  64  6:21  Pylon  
  64  6:22  Adept  
  64  6:23  Warp Prism  
  68  6:38  Gateway  
  68  6:46  Adept  
  68  6:47  Adept x3  
  76  6:57  Probe (Chrono Boost)  
  76  6:58  Pylon  
  76  7:00  Probe (Chrono Boost)  
  78  7:03  Pylon  
  74  7:17  Pylon  
  74  7:20  Adept x3  
  74  7:21  Adept x3  
  84  7:40  Adept  
  84  7:41  Adept x4  
  92  7:54  Adept  
Tags
 
Add a new tag
Caveats
  • Supply blocks, unpowered buildings, or Contaminate may cause inaccurate times.
  • Supply counts are checked every 10 seconds.